 Dungeon Crawl Stone Soup version 0.25-a0-398-g1920f1ac21 (webtiles) character file.

Game seed: 17650728741808443146, levelgen mode: deterministic

36 FriendlyEd the Vexing (level 3, -1/28 HPs)
             Began as a Centaur Arcane Marksman on Jan 8, 2020.
             Slain by an orc (2 damage)
             ... on level 3 of the Dungeon.
             The game lasted 00:16:54 (1485 turns).

FriendlyEd the Vexing (Centaur Arcane Marksman)     Turns: 1485, Time: 00:16:54

Health: -1/28      AC:  5    Str: 12    XL:     3   Next: 19%
Magic:  0/4        EV: 23    Int: 12    God:
Gold:   82         SH:  0    Dex: 10    Spells: 3/4 levels left

rFire    . . .     SeeInvis .   a - +0 hand crossbow
rCold    . . .     Gourm    .   (no shield)
rNeg     . . .     Faith    .   i - +0 ring mail
rPois    .         Spirit   +   (no helmet)
rElec    .         Reflect  .   c - scarf {Spirit}
rCorr    .         Harm     .   (no gloves)
MR       .....                  (no barding)
Stlth    ..........             b - amulet of the acrobat
HPRegen  0.09/turn              (no ring)
MPRegen  0.09/turn              (no ring)

@: acrobat, very quick
A: large, hooves 3, deformed body, speed 2, tough skin 3
a: no special abilities


You were on level 3 of the Dungeon.
You were hungry.

You visited 1 branch of the dungeon, and saw 3 of its levels.

You collected 82 gold pieces.

Inventory:

Hand Weapons
 a - a +0 hand crossbow (weapon)
Missiles
 d - 13 bolts (quivered)
 g - 41 sling bullets
Armour
 c - a scarf of spirit shield (worn)
 e - a +0 robe
 i - a +0 ring mail (worn)
Jewellery
 b - an amulet of the acrobat (around neck)
Scrolls
 h - a scroll of remove curse
 j - 5 scrolls of identify
 m - a scroll of teleportation {unknown}
Potions
 k - a potion of magic {unknown}
 l - a potion of curing {unknown}
Comestibles
 f - a ration


   Skills:
 + Level 1.3 Fighting
 + Level 2.9 Crossbows
 + Level 1.9 Dodging
 + Level 1.0 Spellcasting
 + Level 3.1 Hexes


You had 3 spell levels left.
You knew the following spells:

 Your Spells              Type           Power        Failure   Level  Hunger
a - Corona                Hex            #......      19%         1    ##.....

Your spell library contained the following spells:

 Spells                   Type           Power        Failure   Level  Hunger
 Slow                     Hex            #.......     28%         2    ###....
 Inner Flame              Hex/Fire       #.......     73%         3    ####...
 Portal Projectile        Hex/Tloc       #.....       73%         3    ####...
 Cause Fear               Hex            #.........   88%         4    #####..
 Leda's Liquefaction      Hex/Erth       #.........   98%         4    #####..


Dungeon Overview and Level Annotations

Branches:
Dungeon (3/15)

Altars:


Innate Abilities, Weirdness & Mutations

You have hooves in place of feet.
Armour fits poorly on your strangely shaped body.
You cover ground very quickly.
You have extremely tough skin. (AC +3)


Message History

The rat completely misses you. The orc priest barely misses you.
The orc barely misses you. The orc misses you. The orc completely misses you.
The rat completely misses you. The orc priest completely misses you.
The orc hits you.
* * * LOW HITPOINT WARNING * * *
The orc completely misses you. The orc barely misses you.
The rat bites you but does no damage. The orc priest hits you.
* * * LOW HITPOINT WARNING * * *
The orc closely misses you. The orc completely misses you.
The orc closely misses you. The rat misses you.
The orc priest completely misses you. The orc barely misses you.
The orc hits you.
* * * LOW HITPOINT WARNING * * *
The orc misses you. The rat barely misses you.
The orc priest closely misses you. The orc misses you. The orc hits you.
* * * LOW HITPOINT WARNING * * *
The orc barely misses you. The rat misses you. The orc priest misses you.
The orc hits you.
You die...

. ... #.#+#
#....# ##...(.##
......oo##
......r@.####...
......oo.'......
.........#.##..[
#.<....<## #
##.....## ##...#
##+#


You could see an orc priest, 3 orcs and a rat.

Vanquished Creatures
  A worm (D:2)
  2 dart slugs (D:1)
  A leopard gecko (D:1)
  A goblin (D:1)
  5 hobgoblins (D:1)
  4 jackals (D:1)
  3 kobolds
  A quokka (D:2)
  4 bats
  3 rats (D:1)
25 creatures vanquished.

Notes
Turn   | Place    | Note
-------+----------+-------------------------------------------
     0 | D:1      | FriendlyEd the Centaur Arcane Marksman began the quest for
                  | the Orb.
     0 | D:1      | Reached XP level 1. HP: 16/16 MP: 2/2
   335 | D:1      | Reached skill level 3 in Hexes
   383 | D:1      | Reached XP level 2. HP: 15/23 MP: 3/3
   849 | D:1      | Reached XP level 3. HP: 28/28 MP: 4/4
  1484 | D:3      | HP: 1/28 [orc (1)]
  1485 | D:3      | Slain by an orc

Levels and vault maps discovered:
D:1:      dpeg_arrival_oval, layout_loops_ring
D:2:      layout_loops_ring, lemuel_doored_altar, lemuel_coloured_pillars_altar,
          minmay_heptomino_h4
D:3:      layout_loops_corners, uniq_terence, uniq_crazy_yiuf_cottage, uniq_ijyb

Skill      XL: |  1 |
---------------+----+-----
Hexes          | 3 |  3.1
Fighting       | |  1.3
Crossbows      | |  2.9
Dodging        | |  1.9
Spellcasting   | |  1.0

Action                   || total
-------------------------++-------
Melee: Hand crossbow     ||    10
       Kick              ||     2
 Fire: Hand crossbow     ||    70
 Cast: Corona            ||     1
  Use: Scroll            ||     3
Armor: Ring mail         ||    33
       Robe              ||     1
Dodge: Dodged            ||   210

Table legend:
 A = Non-vault XP
 B = Vault XP
 C = Vault XP percentage of total XP
 D = Non-vault monster count
 E = Vault monster count
 F = Vault count percentage of total count
                 A         B        C        D         E       F
            +---------+---------+-------+---------+---------+-------
      Total |      49 |       3 |   5.8 |      23 |       2 |   8.0
            +---------+---------+-------+---------+---------+-------
        D:1 |      42 |       0 |   0.0 |      21 |       0 |   0.0
        D:2 |       7 |       3 |  30.0 |       2 |       2 |  50.0
            +---------+---------+-------+---------+---------+-------
